Map: Odyssey LE

Players

PtitDrogo - Winner!

  • Race: Protoss Protoss
  • League: Master
  • Spawn Location: 5:00

Zanster

  • Race: Zerg Zerg
  • League: Master
  • Spawn Location: 11:00

Event: HomeStory Cup XVI

VOD

Have the link to the VOD?

Description

Time

  • Played on: Nov. 9, 2017, 2:47 p.m.
  • Length: 16:38

All games in this series

Show
View Real Time Build Order
Export as new Build Order

PtitDrogo Protoss - Winner!

Build Orders: 1 Gate Expand, Oracle Opening, Archon Immortal, Zealot Archon 

Get SALT Encoding   

  12  0:02  Probe (Chrono Boost)  
  14  0:14  Probe (Chrono Boost)  
  14  0:20  Pylon  
  14  0:26  Probe (Chrono Boost)  
  15  0:37  Probe (Chrono Boost)  
  15  0:40  Gateway  
  16  0:43  Probe (Chrono Boost)  
  16  0:44  Assimilator  
  17  0:54  Probe (Chrono Boost)  
  18  1:06  Probe (Chrono Boost)  
  20  1:20  Probe (Chrono Boost)  
  20  1:24  Nexus  
  20  1:32  Probe (Chrono Boost)  
  21  1:36  Cybernetics Core  
  21  1:44  Probe (Chrono Boost)  
  21  1:46  Assimilator  
  22  1:55  Pylon  
  22  1:59  Probe (Chrono Boost)  
  23  2:13  Probe (Chrono Boost)  
  24  2:17  Stargate  
  24  2:19  Probe (Chrono Boost)  
  24  2:23  Adept  
  24  2:29  Probe (Chrono Boost)  
  28  2:33  Probe (Chrono Boost)  
  28  2:34  Pylon  
  28  2:35  Probe (Chrono Boost)  
  28  2:36  Warp Gate  
  28  2:41  Probe (Chrono Boost)  
  28  2:44  Probe (Chrono Boost)  
  33  2:52  Oracle  
  33  2:53  Probe (Chrono Boost)  
  33  2:54  Adept  
  33  2:56  Probe (Chrono Boost)  
  36  3:05  Probe (Chrono Boost)  
  40  3:08  Probe (Chrono Boost)  
  40  3:12  Pylon  
  41  3:17  Probe (Chrono Boost)  
  41  3:19  Pylon  
  43  3:20  Probe (Chrono Boost)  
  43  3:22  Adept  
  45  3:29  Gateway, Probe (Chrono Boost)  
  45  3:32  Probe (Chrono Boost)  
  48  3:41  Probe (Chrono Boost)  
  48  3:44  Oracle, Probe (Chrono Boost)  
  52  3:53  Probe (Chrono Boost)  
  53  4:01  Nexus  
  53  4:03  Pylon  
  53  4:08  Probe x2 (Chrono Boost), Pylon  
  55  4:15  Assimilator x2  
  55  4:19  Probe x2 (Chrono Boost)  
  55  4:23  Phoenix  
  59  4:25  Probe x2 (Chrono Boost)  
  62  4:40  Probe x2 (Chrono Boost)  
  62  4:48  Twilight Council  
  62  4:49  Forge  
  62  4:50  Robotics Facility  
  62  4:52  Probe (Chrono Boost)  
  64  4:53  Probe (Chrono Boost)  
  64  5:02  Protoss Ground Weapons Level 1  
  64  5:04  Probe (Chrono Boost)  
  64  5:06  Sentry  
  64  5:07  Probe (Chrono Boost), Sentry  
  69  5:10  Probe (Chrono Boost)  
  69  5:13  Probe (Chrono Boost)  
  70  5:16  Probe (Chrono Boost)  
  70  5:18  Probe (Chrono Boost)  
  70  5:19  Charge  
  74  5:21  Gateway  
  74  5:22  Gateway x2  
  74  5:26  Gateway  
  74  5:27  Probe (Chrono Boost)  
  75  5:31  Probe (Chrono Boost)  
  75  5:33  Gateway  
  77  5:35  Probe (Chrono Boost)  
  77  5:39  Probe (Chrono Boost)  
  77  5:40  Gateway, Shield Battery  
  79  5:43  Warp Prism, Probe (Chrono Boost)  
  79  5:48  Probe (Chrono Boost)  
  79  5:49  Pylon  
  82  5:51  Probe (Chrono Boost)  
  83  5:57  Templar Archives  
  83  6:00  Probe x2 (Chrono Boost)  
  85  6:14  Probe x2 (Chrono Boost)  
  85  6:16  Probe (Chrono Boost), Pylon x2  
  85  6:18  Assimilator  
  88  6:19  Assimilator  
  88  6:21  Gateway  
  88  6:32  Zealot x5  
  96  6:33  Zealot  
  96  6:34  Zealot  
  96  6:39  Psionic Storm  
  102  6:41  Observer  
  102  6:46  Zealot  
  105  6:50  Pylon  
  105  6:51  Pylon  
  105  6:53  Pylon  
  105  6:56  High Templar x3  
  105  6:57  High Templar, Zealot x2  
  117  7:01  Archon x2  
  117  7:09  Immortal, Pylon  
  117  7:12  Nexus  
  121  7:22  Zealot x4  
  119  7:32  High Templar x3  
  119  7:33  Zealot x5, Probe (Chrono Boost)  
  119  7:36  Photon Cannon, Pylon  
  132  7:38  Immortal  
  130  7:47  Protoss Ground Weapons Level 2  
  134  7:54  Photon Cannon  
  134  7:55  Pylon  
  134  7:58  Probe (Chrono Boost)  
  135  7:59  Photon Cannon  
  135  8:00  Photon Cannon  
  135  8:01  Shield Battery  
  135  8:03  High Templar x2  
  135  8:04  Pylon  
  139  8:07  Assimilator, Immortal  
  139  8:08  Probe (Chrono Boost)  
  139  8:09  Probe (Chrono Boost)  
  142  8:13  Probe (Chrono Boost)  
  146  8:37  Probe (Chrono Boost)  
  147  8:41  Zealot x2, Fleet Beacon  
  147  8:42  Zealot x7  
  161  8:58  Immortal  
  163  9:03  Zealot x6  
  163  9:04  Zealot x3  
  181  9:25  Photon Cannon  
  181  9:27  Pylon  
  181  9:29  High Templar x3, Pylon  
  187  9:36  High Templar  
  187  9:37  Archon  
  179  9:41  High Templar, Archon  
  179  9:42  High Templar x3  
  183  9:47  Archon x2  
  171  10:06  Mothership (Chrono Boost)  
  171  10:07  Protoss Ground Weapons Level 3  
  143  10:14  Zealot x7  
  149  10:15  Zealot x2  
  165  10:26  Gateway  
  165  10:27  Gateway  
  165  10:29  Gateway, Immortal  
  165  10:30  Nexus  
  165  10:32  Pylon  
  165  10:35  Pylon  
  169  10:36  Zealot x4  
  169  10:37  Zealot x5  
  187  10:56  Zealot x2  
  187  10:57  Zealot x7  
  195  11:17  Zealot x2  
  195  11:25  Photon Cannon  
  195  11:26  Photon Cannon  
  195  11:29  Photon Cannon  
  195  11:32  Photon Cannon  
  169  11:34  Photon Cannon  
  169  11:35  High Templar x3, Photon Cannon  
  169  11:36  High Templar  
  161  11:40  Zealot x5  
  159  11:50  Probe (Chrono Boost)  
  152  12:00  Zealot  
  152  12:01  Zealot x3  
  154  12:02  Void Ray  
  154  12:04  Immortal  
  154  12:07  Zealot x3  
  142  12:26  Gateway  
  142  12:29  Gateway  
  142  12:32  High Templar x3  
  142  12:33  High Templar x4, Warp Prism  
  142  12:34  High Templar x3  
  142  12:35  Zealot  
  164  12:38  Archon x4  
  164  12:39  Photon Cannon, Archon  
  164  12:40  Dark Shrine, Protoss Shields Level 1  
  164  12:41  Photon Cannon, Dark Shrine  
  164  12:43  Photon Cannon  
  166  12:57  Zealot  
  166  13:07  Zealot x3  
  166  13:08  Zealot  
  166  13:09  Zealot x6  
  184  13:18  Zealot  
  158  13:44  Zealot x2  
  158  13:47  High Templar x6  
  158  13:48  High Templar x3, Void Ray  
  180  13:52  Archon  
  180  13:53  Archon x3  
  170  14:25  Zealot  
  170  14:26  Zealot x9  
  170  14:30  Void Ray  
  186  14:47  Zealot  
  186  14:50  High Templar x3  
  186  14:51  High Templar, Zealot x2  
  200  14:55  Archon x2  
  192  15:03  Nexus  
  190  15:13  Void Ray  
  180  15:18  Zealot  
  178  15:24  Archon  
  178  15:26  Zealot x9  
  178  15:27  Zealot x3  
  141  15:41  Stalker  
  137  15:46  Stalker x2  
  137  15:47  Stalker x4, Zealot x2  
  137  15:48  Zealot x2  
Show
View Real Time Build Order
Export as new Build Order

Zanster Zerg 

Build Orders: Hatch First, Brood Lord Corruptor 

Get SALT Encoding   

  12  0:00  Drone  
  13  0:13  Overlord  
  13  0:16  Drone  
  14  0:31  Drone  
  14  0:32  Drone  
  14  0:35  Drone  
  17  0:46  Drone  
  18  0:56  Hatchery  
  17  0:58  Drone  
  17  1:03  Extractor  
  17  1:12  Spawning Pool  
  17  1:17  Drone  
  17  1:19  Drone  
  18  1:30  Drone  
  19  1:39  Drone  
  20  1:50  Overlord  
  20  1:59  Queen  
  22  2:04  Metabolic Boost  
  22  2:07  Queen  
  24  2:09  Zergling x4  
  24  2:13  Drone  
  27  2:19  Drone  
  27  2:22  Drone  
  29  2:29  Drone  
  31  2:37  Drone  
  31  2:44  Hatchery  
  31  2:46  Queen  
  31  2:48  Zergling x2  
  33  2:52  Overlord  
  33  2:54  Drone  
  33  2:57  Drone  
  35  3:01  Drone  
  36  3:05  Overlord  
  36  3:14  Drone x3  
  36  3:15  Drone x3  
  36  3:18  Drone  
  43  3:21  Drone  
  43  3:27  Overlord  
  44  3:31  Drone  
  44  3:36  Spore Crawler  
  44  3:37  Drone  
  44  3:39  Queen  
  44  3:40  Spore Crawler  
  45  3:41  Drone  
  45  3:44  Drone  
  47  3:49  Drone x3  
  47  3:52  Drone x2  
  47  3:53  Drone  
  53  3:56  Overlord  
  53  4:01  Drone  
  53  4:02  Drone  
  55  4:06  Drone  
  55  4:08  Drone  
  57  4:11  Lair  
  57  4:16  Spore Crawler  
  57  4:17  Drone x2  
  57  4:18  Drone  
  57  4:21  Drone x2  
  57  4:22  Drone  
  63  4:24  Drone  
  63  4:27  Overlord  
  63  4:29  Drone  
  63  4:30  Drone x2  
  66  4:32  Extractor  
  66  4:34  Extractor  
  66  4:35  Evolution Chamber  
  66  4:36  Baneling Nest  
  66  4:37  Drone  
  66  4:38  Drone  
  64  4:40  Overlord  
  64  4:42  Zergling x2  
  64  4:49  Zergling x6  
  64  4:51  Overlord  
  67  4:55  Drone  
  67  4:58  Drone x7  
  72  5:03  Extractor  
  72  5:06  Zerg Missile Weapons Level 1  
  68  5:07  Queen  
  68  5:11  Zergling x6  
  73  5:15  Overlord  
  73  5:19  Extractor  
  73  5:21  Drone x7  
  73  5:22  Drone  
  73  5:23  Hydralisk Den, Drone  
  73  5:28  Extractor, Drone  
  81  5:29  Drone x2  
  82  5:37  Hatchery  
  82  5:40  Queen  
  83  5:46  Drone x2  
  83  5:49  Overlord  
  85  5:54  Muscular Augments, Drone  
  85  5:55  Drone  
  87  5:58  Hydralisk  
  87  6:00  Overlord x3  
  89  6:06  Hydralisk  
  89  6:08  Hydralisk x3  
  94  6:14  Hydralisk  
  94  6:16  Overlord x2  
  96  6:20  Hydralisk  
  96  6:21  Hydralisk x2  
  102  6:29  Hydralisk x3  
  102  6:30  Zergling x4  
  109  6:33  Pneumatized Carapace  
  109  6:36  Centrifical Hooks  
  109  6:39  Hydralisk  
  109  6:40  Zergling x2  
  109  6:41  Zergling x4  
  109  6:42  Overlord  
  109  6:46  Hydralisk  
  109  6:47  Hydralisk  
  114  6:52  Baneling x4  
  118  6:55  Hydralisk x2  
  118  6:56  Zergling x4  
  118  6:59  Queen  
  126  7:09  Evolution Chamber  
  126  7:10  Drone x10  
  126  7:14  Overlord  
  135  7:16  Drone  
  135  7:25  Hydralisk x2  
  135  7:26  Zergling x8  
  135  7:29  Hydralisk  
  138  7:31  Overlord  
  138  7:36  Hydralisk x4  
  138  7:37  Hydralisk  
  139  7:38  Zergling x2  
  139  7:42  Zerg Missile Weapons Level 2  
  147  7:47  Zerg Ground Armor Level 1  
  147  7:48  Queen  
  147  7:49  Drone  
  147  7:50  Drone x4  
  154  7:55  Drone x6  
  160  8:01  Hydralisk x3  
  160  8:03  Overlord  
  166  8:09  Infestation Pit, Hydralisk  
  167  8:14  Zergling x2  
  167  8:15  Overlord x3  
  167  8:16  Overseer  
  167  8:19  Extractor  
  167  8:24  Hydralisk x2  
  167  8:25  Zergling x10  
  167  8:26  Overlord  
  176  8:33  Hatchery  
  174  8:35  Zergling x2  
  174  8:36  Zergling x6  
  174  8:39  Zergling x6  
  181  8:43  Zergling x16  
  181  8:44  Zergling x4  
  191  8:49  Hive  
  191  8:54  Spire  
  190  9:01  Zergling x4  
  190  9:02  Zergling x10  
  193  9:12  Baneling x14  
  191  9:18  Zergling x2  
  191  9:19  Hatchery, Zergling x22  
  199  9:24  Overlord  
  191  9:36  Zergling x18  
  191  9:38  Baneling x14  
  193  9:45  Zergling x6  
  192  9:51  Baneling  
  192  9:52  Baneling x6  
  187  9:55  Zergling x6  
  187  9:56  Zergling x2  
  187  9:58  Overlord  
  185  10:00  Zergling x4  
  176  10:07  Baneling  
  176  10:08  Baneling x13  
  176  10:09  Hydralisk  
  176  10:10  Zergling x10  
  176  10:13  Zerg Missile Weapons Level 3, Greater Spire, Zerg Ground Armor Level 2  
  183  10:14  Zergling x2  
  183  10:15  Zergling x18  
  193  10:24  Zergling x6  
  196  10:31  Drone  
  196  10:32  Drone x2  
  199  10:39  Extractor, Overseer  
  199  10:41  Extractor  
  197  10:42  Spore Crawler  
  197  10:43  Spore Crawler  
  197  10:44  Spine Crawler  
  197  10:46  Spine Crawler  
  197  10:47  Zergling x2  
  197  10:48  Spine Crawler, Zergling x12  
  197  10:49  Extractor x2  
  187  11:30  Hatchery  
  181  11:37  Corruptor x7  
  181  11:38  Corruptor x5  
  197  11:46  Zergling x10  
  173  12:17  Brood Lord x4  
  173  12:18  Brood Lord x4  
  173  12:20  Zergling x44  
  193  12:28  Spore Crawler  
  192  12:31  Brood Lord  
  192  12:32  Brood Lord, Zergling x2  
  192  12:33  Zergling x4  
  199  12:46  Overseer x2  
  199  12:49  Zerg Melee Weapons Level 1  
  199  12:50  Zerg Flyer Armor Level 1  
  199  12:57  Baneling  
  199  12:58  Baneling x6  
  195  13:13  Adrenal Glands, Zerg Ground Armor Level 3  
  195  13:16  Hydralisk x4  
  193  13:26  Hydralisk x5  
  181  13:36  Hydralisk x7  
  173  13:45  Baneling x6  
  171  13:52  Hydralisk, Zergling x2  
  171  13:53  Hydralisk x6, Zergling x26  
  198  13:56  Zergling x2  
  169  14:29  Hydralisk x5  
  169  14:30  Zergling x16  
  182  14:38  Hydralisk x9  
  171  14:39  Overseer  
  171  14:40  Overseer  
  189  14:49  Corruptor x2  
  190  14:54  Drone  
  190  14:55  Drone  
  167  15:15  Hydralisk x6  
  172  15:25  Hydralisk x3  
  136  15:34  Hydralisk x3  
  91  15:53  Hydralisk x5  
Tags
 
Add a new tag
Caveats
  • Supply blocks, unpowered buildings, or Contaminate may cause inaccurate times.
  • Supply counts are checked every 10 seconds.